 Dungeon Crawl Stone Soup version 0.20-a0-1122-gb7cbeb9 (webtiles) character file.

144 Alarkh the Insei (level 5, 38/38 HPs)
             Began as a Demonspawn Transmuter on May 13, 2017.
             Got out of the dungeon alive.
             The game lasted 00:02:31 (3416 turns).

Alarkh the Insei (Demonspawn Transmuter)            Turns: 3416, Time: 00:02:31

Health: 38/38      AC:  2    Str: 10    XL:     5   Next: 5%
Magic:  8/8        EV: 13    Int: 15    God:
Gold:   114        SH:  0    Dex: 14    Spells: 2/8 levels left

rFire    . . .     SeeInvis .     - Unarmed
rCold    + . .     Gourm    .   (no shield)
rNeg     . . .     Faith    .   b - +0 robe
rPois    .         Spirit   .   (helmet restricted)
rElec    .         Reflect  .   (no cloak)
rCorr    .         Harm     .   (no gloves)
MR       .....                  (no boots)
Stlth    +.........             (no amulet)
Regen    0.2/turn               n - ring of protection from cold
MPRegen  0.2/turn               (no ring)

@: no status effects
A: antennae 1, powered by pain 1
a: no special abilities


You escaped.
You were not hungry.

You visited 1 branch of the dungeon, and saw 2 of its levels.

You collected 114 gold pieces.

Inventory:

Missiles
 a - 48 arrows
Armour
 b - a +0 robe (worn)
Jewellery
 n - a ring of protection from cold (left hand)
Scrolls
 e - a scroll of amnesia {unknown}
 g - a scroll of fear {unknown}
 h - a scroll of remove curse {unknown}
 j - 2 scrolls of identify {unknown}
 m - 2 scrolls of enchant armour {unknown}
 o - a scroll of random uselessness {unknown}
 p - a scroll of immolation {unknown}
 q - a scroll of magic mapping {unknown}
Potions
 f - a potion of magic
Books
 c - a book of Changes

   Spells                             Type                      Level
   a - Beastly Appendage              Transmutation                1
   b - Sticks to Snakes               Transmutation                2
   c - Spider Form                    Transmutation/Poison         3
   d - Ice Form                       Ice/Transmutation            4
   e - Blade Hands                    Transmutation                5
Comestibles
 d - 2 bread rations
 i - a fruit
 k - a royal jelly
 l - a meat ration


   Skills:
 + Level 2.2 Fighting
 + Level 3.1 Dodging
 * Level 4.0 Unarmed Combat
 - Level 2.0 Spellcasting
 - Level 1.7 Transmutations


You had 2 spell levels left.
You knew the following spells:

 Your Spells              Type           Power        Failure   Level  Hunger
a - Sticks to Snakes      Tmut           #.......     16%         2    ###....
b - Beastly Appendage     Tmut           #.....       11%         1    #......
c - Spider Form           Tmut/Pois      #.........   43%         3    ###....


Dungeon Overview and Level Annotations

Branches:
Dungeon (2/15)

Altars:
Fedhas


Innate Abilities, Weirdness & Mutations

You have a pair of small antennae on your head.
You sometimes gain a little power by taking damage.


Message History

You kill the adder!
You have reached level 5!
Your demonic ancestry asserts itself...
A pair of antennae grows on your head!
You feel sick.
You feel sick.
You feel sick.
You are no longer poisoned.
Your ball python withers and dies!
Found a plate armour.
You see here a plate armour.
Done exploring.
Done exploring.
There is an open door here.
There is a stone staircase leading up here.
You climb upwards.
There is a stone staircase leading down here.
There is a staircase leading out of the dungeon here.
Are you sure you want to leave the Dungeon?
This will make you lose the game!
You have escaped!

###################........#
#..>...................##...
#.#....................#....
#.#########.#####.##....##.#
#####.#
##≈#.#≈##.....##).#.#
#.....#
##≈....P≈####..#.##.#.
#.##### #≈.8..P8P≈#
#...#.#.## #.#
##≈....P≈####'.##..... #.#
##≈P.@.♣≈##..).....#.# ##.#
#≈P8P≈♣8♣≈#........#.# ...#
##≈P≈≈≈♣≈##.>......... ...#
##≈#.#≈##..#####.#...
...#####
###.###..##.....#...
##.....# #.....###.##......
..####.# ####### #.#.......
..####.##### ###...##....
..#...(....# #.'...'.....


There were no monsters in sight!

Vanquished Creatures
  5 adders (D:2)
  A worm (D:2)
  2 dart slugs
  2 leopard geckos (D:1)
  A ball python (D:1)
  3 bats (D:2)
  6 giant cockroaches
  5 hobgoblins
  3 frilled lizards (D:2)
  9 goblins
  4 kobolds
  5 rats
46 creatures vanquished.

Vanquished Creatures (collateral kills)
  Natasha (twice) (D:2)
  An adder (D:2)
3 creatures vanquished.

Vanquished Creatures (others)
  4 toadstools (D:1)
4 creatures vanquished.

Grand Total: 53 creatures vanquished

Notes
Turn   | Place    | Note
-------+----------+-------------------------------------------
     0 | D:1      | Alarkh the Demonspawn Transmuter began the quest for the Orb.
     0 | D:1      | Reached XP level 1. HP: 15/15 MP: 3/3
   118 | D:1      | Reached skill level 3 in Unarmed Combat
   118 | D:1      | Gained mutation: You sometimes gain a little power by taking damage. [demonic ancestry]
   118 | D:1      | Reached XP level 2. HP: 16/21 MP: 3/5
  1288 | D:1      | Reached XP level 3. HP: 26/26 MP: 6/6
  1798 | D:2      | Learned a level 2 spell: Sticks to Snakes
  1802 | D:2      | Learned a level 3 spell: Spider Form
  2160 | D:2      | Found a blossoming altar of Fedhas.
  2440 | D:2      | Noticed Natasha
  2458 | D:2      | HP: 1/27 [Natasha (3)]
  2459 | D:2      | Killed Natasha
  2459 | D:2      | Reached XP level 4. HP: 2/33 MP: 1/7
  2847 | D:2      | Noticed Natasha
  2855 | D:2      | Killed Natasha
  3162 | D:2      | Reached skill level 4 in Unarmed Combat
  3273 | D:2      | Gained mutation: You have a pair of small antennae on your head. [demonic ancestry]
  3273 | D:2      | Reached XP level 5. HP: 35/38 MP: 5/8
  3416 | D:$      | Got out of the dungeon alive.

Vault maps used:
D:1:      ldierk_walled_garden_2, fountainhead, minmay_tromino_v7
D:2:      fedhas_altar_4, first_bread, uniq_natasha

Skill      XL: |  1  2  3  4 |
---------------+-------------+-----
Dodging        | 2 3 |  3.1
Unarmed Combat | 3 4 |  4.0
Fighting       | 2 |  2.2
Spellcasting   | |  2.0
Transmutations | |  1.7

Action                   |  1- 3 |  4- 6 || total
-------------------------+-------+-------++-------
Melee: Unarmed           |   183 |    37 ||   220
       Kick              |     3 |       ||     3
       Punch             |     1 |     1 ||     2
       Headbutt          |     1 |       ||     1
 Cast: Beastly Appendage |     5 |       ||     5
       Sticks to Snakes  |     5 |     5 ||    10
  Use: Potion            |     3 |       ||     3
 Stab: Sleeping          |     4 |       ||     4
  Eat: Chunk             |     5 |     4 ||     9
Armor: Robe              |    16 |     5 ||    21
Dodge: Dodged            |   114 |    34 ||   148
